 Dungeon Crawl Stone Soup version 0.30-a0-748-ge6a52f7cba (webtiles) character file.

Game seed: 12596636860808396391

21 mistaj the Chopper (level 2, 0/27 HPs)
             Began as a Minotaur Monk on Feb 8, 2023.
             Slain by Jessica
             ... wielding a +0 club
              (1 damage)
             ... on level 2 of the Dungeon.
             The game lasted 00:01:10 (807 turns).

mistaj the Chopper (Minotaur Monk)                   Turns: 807, Time: 00:01:11

Health: 0/27       AC:  5    Str: 15    XL:     2   Next: 62%
Magic:  1/1        EV: 11    Int:  7    God:
Gold:   56         SH:  0    Dex: 12    Spells: 1/1 levels left

rFire   . . .      SeeInvis .    a - +0 hand axe
rCold   . . .      Faith    .    (no shield)
rNeg    . . .      Spirit   .    d - +0 ring mail
rPois   .          Reflect  .    (helmet restricted)
rElec   .          Harm     .    (no cloak)
rCorr   .          Rampage  .    (no gloves)
Will    .....                    (no boots)
Stlth   +                        (no amulet)
HPRegen 0.24/turn                (no ring)
MPRegen 0.07/turn                (no ring)

@: no status effects
A: horns 2, retaliatory headbutt
a: no special abilities


You were on level 2 of the Dungeon.
You visited 1 branch of the dungeon, and saw 2 of its levels.

You collected 56 gold pieces.

Inventory:

Hand Weapons
 a - a +0 hand axe (weapon)
Armour
 d - a +0 ring mail (worn)
Scrolls
 b - a scroll of teleportation {unknown}
 e - a scroll of summoning {unknown}
Potions
 c - a potion of ambrosia
 f - a potion of curing {unknown}


   Skills:
 + Level 4.1 Fighting
 + Level 4.1 Axes
 + Level 1.4 Armour
 - Level 3.2 Dodging
 - Level 1.5 Stealth


You had one spell level left.
You didn't know any spells.
Your spell library was empty.

Dungeon Overview and Level Annotations

Branches:
Dungeon (2/15)

Altars:

Shops:
D:2 (

Annotations:
D:2 Jessica


Innate Abilities, Weirdness & Mutations

You have a pair of horns on your head.
You reflexively headbutt those who attack you in melee.


Message History

You are too injured to fight recklessly!
You are too injured to fight recklessly!
You are too injured to fight recklessly!
You barely miss the bat. The bat barely misses you. You furiously retaliate!
You headbutt the bat!
You kill the bat!
Things that are here:
a bat corpse; a ball python corpse You see here a +0 dagger.
f - a cyan potion You start resting.
A hobgoblin comes into view.
A hobgoblin is nearby!
The hobgoblin shouts!
You hear a shout!
You see here a +0 dagger.
You hit the hobgoblin but do no damage. Your headbutt misses the hobgoblin.
The hobgoblin hits you.
You hit the hobgoblin. You headbutt the hobgoblin.
You kill the hobgoblin!
Jessica the Apprentice Sorceress comes into view.
She is wielding a +0 club.
Jessica shouts!
Jessica drinks a potion.
Jessica flickers and vanishes!
Deactivating autopickup; reactivate with Ctrl-A.
You start resting.
You hear some strange, mumbled words. x3
Something hits you but does no damage.
You start resting.
Something hits you but does no damage.
You start resting.
Something hits you.
You hear some strange, mumbled words.
Pain shoots through your body!
You start resting.
Something hits you.
You start resting.
Something barely misses you. Something hits you.
* * * LOW HITPOINT WARNING * * *
You start resting.
You hear some strange, mumbled words.
Pain shoots through your body!
* * * LOW HITPOINT WARNING * * *
You hit something but do no damage. Something barely misses you.
Something hits you.
You die...

#.## . #...### # #..
# #.#...## .#....
##.##<##...####...#
#.....#(....#...###
##........))†)....#..
##.#....∩...###...[!
#.#............###.
#.#.#.†...#@##..# #
#.##...##.# #
#.........#
#########.# #.! #..
#.. #...


There were no monsters in sight!

Vanquished Creatures
  A worm (D:2)
  2 ball pythons
  2 giant cockroaches (D:1)
  2 goblins (D:2)
  A hobgoblin (D:2)
  2 kobolds (D:1)
  A quokka (D:1)
  2 bats
  2 frilled lizards
  2 rats (D:1)
17 creatures vanquished.

Vanquished Creatures (others)
  4 plants (D:1)
4 creatures vanquished.

Grand Total: 21 creatures vanquished

Notes
Turn   | Place    | Note
-------+----------+-------------------------------------------
     0 | D:1      | mistaj the Minotaur Monk began the quest for the Orb.
     0 | D:1      | Reached XP level 1. HP: 19/19 MP: 0/0
   365 | D:1      | Found a faded altar of an unknown god.
   480 | D:1      | Reached skill level 1 in Armour
   480 | D:1      | Reached XP level 2. HP: 27/27 MP: 1/1
   723 | D:2      | Found Gecopri's Weapon Emporium.
   784 | D:2      | Noticed Jessica
   806 | D:2      | HP: 1/27 [something/nerve-wracking pain (8)]
   807 | D:2      | Slain by Jessica

Illustrated notes

Levels and vault maps discovered:
D:1:      sevenhm_arrival_forest_fort_small_4, layout_basic,
          dreamdust_ecumenical_altar_angels_and_demons, grunt_decor_arrowhead,
          kennysheep_boxes
D:2:      layout_loops_ring, serial_shops, nicolae_shop_bloodbath_and_beyond,
          minmay_pentomino_t4, uniq_terence, uniq_jessica

Skill      XL: |  1  2 |
---------------+-------+-----
Armour         | 1 |  1.4
Fighting       | 4 |  4.1
Axes           | 4 |  4.1
Dodging        | |  3.2
Stealth        | |  1.5

Action                     || total
---------------------------++-------
  Melee: Hand axe          ||    36
         Headbutt          ||     6
   Stab: Sleeping          ||     1
 Armour: Ring mail         ||    15
  Dodge: Dodged            ||    19

Table legend: (Time is in decaauts)
 A = Elapsed time spent in this place.
 B = Non-inter-level travel time spent in this place.
 C = Inter-level travel time spent in this place.
 D = Time resting spent in this place.
 E = Time spent auto-exploring this place.
 F = Levels seen in this place.
 G = Mean time per level.
                   A        B        C        D        E       F      G
               +--------+--------+--------+--------+--------+-----+--------+
         Total |    815 |    803 |     12 |     43 |    609 |   2 |  407.5 |
       Dungeon |    815 |    803 |     12 |     43 |    609 |   2 |  407.5 |
               +--------+--------+--------+--------+--------+-----+--------+

Top non-repeatable levels by time:
     D:1: 729 daAuts
     D:2: 86 daAuts
